 Dungeon Crawl Stone Soup version 0.32-a0-928-g1cae6b7ea0 (webtiles) character file.

Game seed: 3227866282874590335

229 ParallaxScroll the Chopper (level 5, -1/46 HPs)
             Began as a Mountain Dwarf Fighter on Apr 13, 2024.
             Slain by Duvessa
             ... wielding a +0 rapier
              (2 damage)
             ... on level 4 of the Dungeon.
             The game lasted 00:11:30 (3337 turns).

ParallaxScroll the Chopper (Mountain Dwarf Fighter) Turns: 3337, Time: 00:11:31

Health: -1/46      AC: 14    Str: 20    XL:     5   Next: 71%
Magic:  5/5        EV:  4    Int:  9    God:
Gold:   180        SH:  4    Dex:  9    Spells: 4/4 levels left

rFire   . . .        a - +0 war axe
rCold   . . .        m - +0 buckler
rNeg    . . .        n - +0 plate armour
rPois   .            o - +0 helmet
rElec   .            (no cloak)
rCorr   .            (no gloves)
SInv    .            (no boots)
Will    .....        (no amulet) Stlth
                     (no ring)
HPRegen 0.27/turn    (no ring)
MPRegen 0.09/turn

%: no passive effects
@: mighty, invisible
A: runic magic, artefact enchanting, iridescent scales 1, inability to drink
after injury 1, devolution 1
a: no special abilities


You were on level 4 of the Dungeon.
You visited 1 branch of the dungeon, and saw 4 of its levels.

You collected 180 gold pieces.

Inventory:

Hand Weapons
 a - a +0 war axe (weapon)
 c - a +1 dagger of venom
 d - a +0 sling
Missiles
 h - 41 stones (quivered)
 j - 6 curare-tipped darts
 p - 8 boomerangs
 v - 2 silver javelins
 y - 5 javelins
Armour
 m - a +0 buckler (worn)
 n - a +0 plate armour (worn)
 o - a +0 helmet (worn)
Magical Staves
 b - a staff of alchemy
Scrolls
 i - a scroll of identify {unknown}
 k - a scroll of teleportation {unknown}
 l - a scroll of amnesia
 q - a scroll of immolation {unknown}
 r - a scroll of vulnerability {unknown}
 s - a scroll of enchant armour {unknown}
 t - a scroll of fog {unknown}
Potions
 e - a potion of might
 g - a potion of curing
 x - a potion of degeneration {unknown}


   Skills:
 - Level 4.0 Fighting
 + Level 6.4 Axes
 - Level 4.0 Armour
 - Level 3.2 Shields


You had 4 spell levels left.
You didn't know any spells.
Your spell library was empty.

Dungeon Overview and Level Annotations

Branches:
Dungeon (4/15)
 Temple: D:4-7

Altars:

Annotations:
D:4 exclusion: door, Duvessa


Innate Abilities, Weirdness & Mutations

Your spellcasting is much less encumbered by armour.
You can use scrolls of enchantment on lesser artefacts.
You are partially covered in iridescent scales. (AC +2)
You occasionally lose the ability to drink potions when taking damage.
You have hidden genetic defects.


Message History

Dowan says, "Stay away from my face!"
Dowan hits you but does no damage.
You miss Dowan.
Dowan is moderately wounded.
Dowan barely misses you.
You slash Dowan!
Dowan is severely wounded.
Dowan hits you but does no damage.
You miss Dowan.
Dowan is severely wounded.
Dowan gestures at you while chanting. The puff of flame hits you.
You slash Dowan!
You kill Dowan!
Duvessa weeps, and shakes her weapon.
Duvessa goes berserk!
Duvessa hits you with a +0 rapier!
Training target 4.0 for Fighting reached!
Your Fighting skill increases to level 4!
You need to enable at least one skill for training.
You barely miss Duvessa. Duvessa hits you but does no damage. x2
You slash Duvessa!
Duvessa is lightly wounded.
Duvessa hits you with a +0 rapier!
* * * LOW HITPOINT WARNING * * *
Duvessa hits you with a +0 rapier!
* * * LOW HITPOINT WARNING * * *
It was a potion of curing.
You feel better. You block Duvessa's attack.
It was a potion of mutation.
You feel extremely strange.
You feel a hidden malignance growing inside you.
You occasionally lose the ability to drink potions when taking damage.
Iridescent scales grow over part of your body.
Duvessa hits you but does no damage. Duvessa hits you with a +0 rapier.
* * * LOW HITPOINT WARNING * * *
It was a potion of magic.
Magic courses through your body. Duvessa hits you with a +0 rapier!
* * * LOW HITPOINT WARNING * * *
It was a potion of invisibility.
You fade into invisibility!
Duvessa hits you with a +0 rapier.
You die...

.........###.o#......#..........#
....[......#########)#..........#
####..####.#####...)............#
#.## #.##..............<....# #.
#....##.#####.##....#...
..........###.# #..####....#.
####.####.## #.# ##.#####..#...
#.# #.###..##.##..#... #.#
#@#.......###.#... #..
#e#......## #.##..
###....#......# #.##..
#..###......# ####.. #.# #......#
### #. ######## #


You could see Duvessa (berserk, unable to see you).

Vanquished Creatures
  Dowan (D:4)
  An orc wizard (D:4)
  3 gnolls
  2 adders (D:2)
  3 dart slugs
  2 ribbon worms (D:2)
  8 orcs
  9 ball pythons
  11 endoplasms
  3 giant cockroaches
  13 goblins
  5 hobgoblins
  7 kobolds
  5 quokkas
  7 bats
  2 frilled lizards
  9 rats
91 creatures vanquished.

Notes
Turn   | Place    | Note
-------+----------+-------------------------------------------
     0 | D:1      | ParallaxScroll the Mountain Dwarf Fighter began the quest
                  | for the Orb.
     0 | D:1      | Reached XP level 1. HP: 19/19 MP: 1/1
   120 | D:1      | Reached skill level 3 in Axes
   246 | D:1      | Reached XP level 2. HP: 26/26 MP: 2/2
   539 | D:1      | Reached skill level 4 in Axes
   716 | D:1      | Reached XP level 3. HP: 30/31 MP: 3/3
  1254 | D:2      | Reached skill level 5 in Axes
  1538 | D:2      | Reached XP level 4. HP: 35/38 MP: 4/4
  2704 | D:4      | Reached skill level 6 in Axes
  2984 | D:3      | Reached XP level 5. HP: 44/45 MP: 5/5
  3318 | D:4      | Noticed Dowan
  3318 | D:4      | Noticed Duvessa
  3331 | D:4      | Killed Dowan
  3335 | D:4      | Gained mutation: You have hidden genetic defects. [potion
                  | of mutation]
  3335 | D:4      | Gained mutation: You occasionally lose the ability to drink
                  | potions when taking damage. [potion of mutation]
  3335 | D:4      | Gained mutation: You are partially covered in iridescent
                  | scales. (AC +2) [potion of mutation]
  3336 | D:4      | HP: 1/46 [Duvessa/+0 rapier (8)]
  3337 | D:4      | Slain by Duvessa

Illustrated notes

Levels and vault maps discovered:
D:1:      dpeg_arrival_subterranean_lakeside_camping, layout_basic
D:2:      minmay_diamond_boxcup, layout_loops_ring
D:3:      layout_loops_ring, eino_tiny_chamber, minmay_misc_feat_more_columns
D:4:      minmay_clustersquares, layout_rooms, nicolae_ashenzari_panopticon,
          serial_library_regret_index_headful, uniq_duvessa

Skill      XL: |  1  2  3  4  5 |
---------------+----------------+-----
Axes           | 3 4 5 6 |  6.4
Armour         | 4 |  4.0
Fighting       | 4 |  4.0
Shields        | |  3.2

Action                     |  1- 3 |  4- 6 || total
---------------------------+-------+-------++-------
  Melee: War axe           |   138 |   139 ||   277
    Use: Potion            |       |     5 ||     5
         Scroll            |       |     1 ||     1
 Armour: Scale mail        |    56 |       ||    56
         Plate armour      |    26 |   133 ||   159
  Dodge: Dodged            |    43 |    30 ||    73
  Block: Buckler           |    32 |    28 ||    60

Table legend: (Time is in decaauts)
 A = Elapsed time spent in this place.
 B = Non-inter-level travel time spent in this place.
 C = Inter-level travel time spent in this place.
 D = Time resting spent in this place.
 E = Time spent auto-exploring this place.
 F = Levels seen in this place.
 G = Mean time per level.
                   A        B        C        D        E       F      G
               +--------+--------+--------+--------+--------+-----+--------+
         Total |   3424 |   3269 |    155 |    553 |   1947 |   4 |  856.0 |
       Dungeon |   3424 |   3269 |    155 |    553 |   1947 |   4 |  856.0 |
               +--------+--------+--------+--------+--------+-----+--------+

Top non-repeatable levels by time:
     D:3: 1049 daAuts
     D:1: 1022 daAuts
     D:2: 924 daAuts
     D:4: 428 daAuts
